 Dungeon Crawl Stone Soup version 0.24.0-123-gd5b16e6ec5 (webtiles) character file.

Game seed: 11546010826279936808, levelgen mode: deterministic

115 AuftragZ the Charmwright (level 4, -4/37 HPs)
             Began as a Draconian Skald on Feb 5, 2020.
             Slain by a bullfrog skeleton (5 damage)
             ... on level 4 of the Dungeon.
             The game lasted 00:08:23 (3582 turns).

AuftragZ the Charmwright (Draconian Skald)          Turns: 3582, Time: 00:08:24

Health: -4/37      AC:  5    Str: 15    XL:     4   Next: 68%
Magic:  4/7        EV: 12    Int: 13    God:
Gold:   139        SH:  0    Dex: 10    Spells: 2/7 levels left

rFire    . . .     SeeInvis .   a - +0 short sword
rCold    . . .     Gourm    .   (no shield)
rNeg     . . .     Faith    .   (armour unavailable)
rPois    .         Spirit   .   (helmet restricted)
rElec    .         Reflect  .   (no cloak)
rCorr    .         Harm     .   (no gloves)
MR       .....                  (no boots)
Stlth    ++........             (no amulet)
HPRegen  0.12/turn              (no ring)
MPRegen  0.10/turn              (no ring)

@: no status effects
A: unfitting armour, cold-blooded, AC +5
a: no special abilities


You were on level 4 of the Dungeon.
You were very hungry.

You visited 1 branch of the dungeon, and saw 4 of its levels.

You collected 139 gold pieces.

Inventory:

Hand Weapons
 a - a +0 short sword (weapon)
Jewellery
 h - a cursed ring of teleportation {unknown}
Scrolls
 i - a scroll of identify
Potions
 b - a potion of might
 d - 2 potions of curing
 e - 3 potions of haste
 f - a potion of flight
 g - 3 potions of agility
 j - 2 potions of resistance {unknown}
Comestibles
 c - 9 rations


   Skills:
 + Level 2.5 Fighting
 + Level 2.8 Short Blades
 + Level 3.0 Dodging
 + Level 1.4 Stealth
 + Level 2.2 Spellcasting
 + Level 3.2 Charms


You had 2 spell levels left.
You knew the following spells:

 Your Spells              Type           Power        Failure   Level  Hunger
a - Infusion              Chrm           #...         6%          1    ##.....
b - Song of Slaying       Chrm           #.......     10%         2    ###....
c - Shroud of Golubria    Chrm/Tloc      #.....       19%         2    ###....

Your spell library contained the following spells:

 Spells                   Type           Power        Failure   Level  Hunger
 Regeneration             Chrm/Necr      #.........   36%         3    ####...
 Spectral Weapon          Hex/Chrm       #.......     36%         3    ####...


Dungeon Overview and Level Annotations

Branches:
Dungeon (4/15)
 Temple: D:4-7

Altars:
Fedhas
Hepliaklqana
Qazlal

Annotations:
D:4 Grinder


Innate Abilities, Weirdness & Mutations

Your plain brown scales are hard. (AC +5)
You cannot fit into any form of body armour.
You are cold-blooded and may be slowed by cold attacks.


Message History

Grinder is moderately wounded.
The bullfrog skeleton barely misses you.
Grinder barely misses you.
You hit Grinder.
Grinder is moderately wounded.
Your shroud bends the bullfrog skeleton's attack away.
Grinder hits you!
* * * LOW HITPOINT WARNING * * *
Your shroud falls apart!
You barely miss Grinder.
Grinder is moderately wounded.
The bullfrog skeleton completely misses you.
Grinder hits you but does no damage.
The bullfrog skeleton barely misses you.
You hit Grinder.
Grinder is moderately wounded.
Grinder blinks!
The bullfrog skeleton hits you.
* * * LOW HITPOINT WARNING * * *
The bullfrog skeleton hits you.
You die...

### #.#.. #.#.# #
#.#.# ##### ##.#
#.#.# #5.. ....
#.#.###Z##..#
#.#.....@...#
#....###.#..#
#########...###.#
.#
.......<.........
#
#########.#####.#.
#.# #.... #.# #..
.. ### ### ###


You could see Grinder and a bullfrog skeleton.

Vanquished Creatures
  5 adders (D:2)
  2 worms (D:2)
  3 dart slugs
  A giant cockroach (D:2)
  11 goblins
  9 hobgoblins
  2 jackals (D:3)
  3 quokkas
  3 bats
  7 frilled lizards
  11 kobolds
  3 rats
60 creatures vanquished.

Notes
Turn   | Place    | Note
-------+----------+-------------------------------------------
     0 | D:1      | AuftragZ the Draconian Skald began the quest for the Orb.
     0 | D:1      | Reached XP level 1. HP: 17/17 MP: 3/3
   428 | D:1      | Reached XP level 2. HP: 20/24 MP: 5/5
   477 | D:1      | Learned a level 2 spell: Song of Slaying
   480 | D:1      | Learned a level 2 spell: Shroud of Golubria
  1387 | D:2      | Reached XP level 3. HP: 26/30 MP: 4/6
  1967 | D:2      | Reached skill level 1 in Stealth
  2248 | D:2      | Reached XP level 4. HP: 35/37 MP: 7/7
  3036 | D:3      | Found a stormy altar of Qazlal.
  3041 | D:3      | Found a blossoming altar of Fedhas.
  3123 | D:3      | Found a hazy altar of Hepliaklqana.
  3566 | D:4      | Noticed Grinder
  3581 | D:4      | HP: 1/37 [bullfrog skeleton (2)]
  3582 | D:4      | Slain by a bullfrog skeleton

Levels and vault maps discovered:
D:1:      saegor_arrival_simple_c, layout_loops_ring
D:2:      layout_loops_ring, serial_bayou_pond_d
D:3:      layout_basic, marbit_many_paths,
          grunt_temple_overflow_forces_of_nature, first_ration
D:4:      layout_loops_ring, lemuel_blue_sif_altar, minmay_temple_entry_oklob,
          gup_sewer_entry_pipe, minmay_close_crescents, uniq_crazy_yiuf_cottage,
          uniq_grinder

Skill      XL: |  1  2  3  4 |
---------------+-------------+-----
Charms         | 3 |  3.2
Stealth        | 1 |  1.4
Dodging        | 3 |  3.0
Fighting       | |  2.5
Short Blades   | |  2.8
Spellcasting   | |  2.2

Action                   |  1- 3 |  4- 6 || total
-------------------------+-------+-------++-------
Melee: Short sword       |   185 |    92 ||   277
       Tailslap          |    16 |     4 ||    20
 Cast: Shroud of Golubri |     4 |     3 ||     7
  Use: Potion            |     4 |     1 ||     5
       Scroll            |     2 |     3 ||     5
 Stab: Sleeping          |     1 |     2 ||     3
  Eat: Chunk             |     5 |     3 ||     8
Armor: Skin              |    46 |    33 ||    79
Dodge: Dodged            |   127 |    67 ||   194
